 Dungeon Crawl Stone Soup version 0.25.1-2-g60ff931df9 (webtiles) character file.

Game seed: 3076265695840722004

3386 fog the Cleaver (level 9, -2/121 HPs)
             Began as a Minotaur Berserker on Dec 8, 2020.
             Was a High Priest of Trog.
             Collided with a green very ugly thing (4 damage)
             ... caused by a wretched star
             ... on level 3 of the Abyss.
             The game lasted 00:25:10 (6473 turns).

fog the Cleaver (Minotaur Berserker)                Turns: 6473, Time: 00:25:10

Health: -2/121     AC: 20    Str: 31    XL:     9   Next: 74%
Magic:  8/8        EV: 12    Int:  4    God:    Trog [*****.]
Gold:   140        SH:  0    Dex: 15    Spells: 8/8 levels left

rFire    . . .     SeeInvis .   r - +5 broad axe of the Endless Yaks {vorpal, *Drain rN+ Str+5}
rCold    + . .     Gourm    .   (no shield)
rNeg     + . .     Faith    .   O - +2 plate armour {rC+}
rPois    .         Spirit   .   (helmet restricted)
rElec    .         Reflect  .   (no cloak)
rCorr    .         Harm     .   j - +0 pair of gloves
MR       .....                  b - +2 pair of boots {Stlth+}
Stlth    ..........             (no amulet)
HPRegen  0.30/turn              e - +6 ring of dexterity
MPRegen  0.11/turn              (no ring)

@: berserking, lethally poisoned (-2 -> -16), very quick
A: retaliatory headbutt, horns 2, [deterioration 2]
a: Berserk, Trog's Hand, Brothers in Arms, Renounce Religion


You were on level 3 of the Abyss.
You worshipped Trog.
Trog was extremely pleased with you.
You were not hungry.

You visited 1 branch of the dungeon, and saw 6 of its levels.
You visited the Abyss 1 time.
You also visited: Ossuary.

You collected 302 gold pieces.
You spent 162 gold pieces at shops.

Inventory:

Hand Weapons
 a - a +0 hand axe
 r - the +5 broad axe of the Endless Yaks (weapon) {vorpal, *Drain rN+ Str+5}
   (Trog gifted it to you on level 6 of the Dungeon)

   It inflicts extra damage upon your enemies.
   It affects your strength (+5).
   It protects you from negative energy.
   It causes draining when unequipped.
 L - a +1 war axe of distortion
Missiles
 s - 119 bolts
 w - 6 atropa-tipped darts
 H - 3 poisoned darts (quivered)
Armour
 b - a +2 pair of boots of stealth (worn)
 j - a +0 pair of gloves (worn)
 m - a +4 ring mail of cold resistance
 O - a +2 plate armour of cold resistance (worn)
Jewellery
 e - a +6 ring of dexterity (left hand)
Wands
 z - a wand of random effects (5)
 J - a wand of digging (1)
 M - a wand of clouds (4)
Scrolls
 d - 3 scrolls of remove curse {unknown}
 f - 4 scrolls of teleportation
 h - 5 scrolls of fear {unknown}
 i - a scroll of blinking {unknown}
 k - 2 scrolls of amnesia {unknown}
 l - a scroll of identify
 q - 3 scrolls of noise {unknown}
 v - 2 scrolls of fog {unknown}
 y - a scroll of enchant armour {unknown}
 D - 3 scrolls of enchant weapon {unknown}
 E - 2 scrolls of magic mapping {unknown}
 G - 2 scrolls of torment {unknown}
 K - a scroll of immolation {unknown}
 N - a scroll of silence {unknown}
Potions
 g - 7 potions of flight
 n - 5 potions of curing
 o - 2 potions of mutation
 p - 3 potions of might
 t - a potion of cancellation {unknown}
 u - a potion of invisibility
 x - 4 potions of lignification
 A - a potion of ambrosia
 C - a potion of resistance
 F - 3 potions of brilliance {unknown}
 I - a potion of berserk rage
Comestibles
 c - 11 rations


   Skills:
 + Level 8.0 Fighting
 + Level 11.4 Axes
 + Level 7.6 Armour
 + Level 6.9 Dodging


You had 8 spell levels left.
You didn't know any spells.
Your spell library was empty.

Dungeon Overview and Level Annotations

Branches:
Dungeon (6/15)             Temple (0/1) D:4         Ossuary (visited)

Altars:
Cheibriados
Elyvilon
Sif Muna

Shops:
D:6 }((}

Annotations:
D:6 Eustachio


Innate Abilities, Weirdness & Mutations

You reflexively headbutt those who attack you in melee.
You have a pair of horns on your head.
[Your body often deteriorates upon taking damage.]


Message History

You headbutt the killer bee!
The killer bee stings you but does no damage.
The meliai hits you with a +0 hand axe.
* * * LOW HITPOINT WARNING * * *
The meliai completely misses you.
You slash the killer bee!
You kill the killer bee!
Trog accepts your kill.
You closely miss the wretched star. You hit the meliai. You slice the meliai!!
You kill the meliai!
Trog accepts your kill.
Your Fighting skill increases to level 8!
You slash the green very ugly thing! You miss the killer bee.
You feel sick.
The killer bee stings you but does no damage.
The wretched star glows turbulently.
The lance of force hits you!!
* * * LOW HITPOINT WARNING * * *
You are knocked back by the lance of force.
You collide with the green very ugly thing!
You die...

.. ..
#.# #.#
..# #..
.. .y
##.#
#.##
...#...
#)y*#
#@#


#uyy# #*##u.y ## #%.# ##φ# ## You could see 2 very ugly things, 2 wretched
stars, a queen bee, 3 meliai and a killer bee.

Vanquished Creatures
  A large abomination (Abyss:3)
  2 meliai (Abyss:3)
  A wraith (Ossuary)
  Edmund (D:6)
  Duvessa (D:5)
  2 sky beasts
  3 ogres
  A centaur (D:6)
  3 bullfrogs (D:6)
  Dowan (D:5)
  2 small abominations (Abyss:3)
  6 killer bees
  A howler monkey (D:4)
  3 crimson imps
  A centaur zombie (D:5)
  A quasit (D:6)
  2 hounds (D:5)
  A jelly (D:5)
  6 orc priests
  A gnoll shaman (D:5)
  2 orc wizards
  Ijyb (D:3)
  4 worker ants (D:4)
  A hound skeleton (D:5)
  A mummy (Ossuary)
  A worker ant zombie (D:5)
  8 gnolls
  9 adders
  An ooze (D:5)
  2 dart slugs
  5 worms
  2 leopard geckos
  32 orcs
  9 bats
  4 giant cockroaches
  8 goblins
  8 hobgoblins
  14 jackals
  6 kobolds
  A ball python (D:2)
  4 frilled lizards
  4 gnoll skeletons (Ossuary)
  A goblin zombie (D:4)
  6 kobold skeletons (Ossuary)
  15 orc skeletons (Ossuary)
  A quokka skeleton (D:5)
  A quokka zombie (D:4)
  4 rats
195 creatures vanquished.

Vanquished Creatures (others)
  A raiju (Abyss:3)
  A hound (D:6)
2 creatures vanquished.

Grand Total: 197 creatures vanquished

Notes
Turn   | Place    | Note
-------+----------+-------------------------------------------
     0 | D:1      | fog the Minotaur Berserker began the quest for the Orb.
     0 | D:1      | Reached XP level 1. HP: 19/19 MP: 0/0
   264 | D:1      | Reached XP level 2. HP: 27/27 MP: 1/1
   461 | D:1      | Reached skill level 4 in Axes
  1044 | D:2      | Reached XP level 3. HP: 28/33 MP: 2/2
  1136 | D:2      | Found a white marble altar of Elyvilon.
  1188 | D:2      | Reached ** piety under Trog
  1283 | D:2      | Reached XP level 4. HP: 35/40 MP: 3/3
  1479 | D:2      | Found a faded altar of an unknown god.
  1853 | D:3      | Reached XP level 5. HP: 47/47 MP: 4/4
  1869 | D:3      | Reached skill level 5 in Axes
  1927 | D:3      | Found a shimmering blue altar of Sif Muna.
  1929 | D:3      | Noticed Ijyb
  1942 | D:3      | Killed Ijyb
  1951 | D:3      | Reached *** piety under Trog
  1953 | D:3      | Reached skill level 5 in Fighting
  2153 | D:3      | Reached XP level 6. HP: 54/56 MP: 5/5
  2163 | D:3      | Found a snail-covered altar of Cheibriados.
  2332 | D:4      | Found a sand-covered staircase.
  2340 | Ossuary  | Entered an ossuary
  2340 | Ossuary  | Noticed a wraith
  2340 | Ossuary  | Noticed a wraith
  2340 | Ossuary  | Noticed a wraith
  2398 | Ossuary  | Noticed a wraith
  2429 | Ossuary  | Killed a wraith
  2631 | Ossuary  | Reached **** piety under Trog
  2856 | D:4      | Found a staircase to the Ecumenical Temple.
  2915 | D:4      | Reached skill level 5 in Armour
  2915 | D:4      | Reached XP level 7. HP: 62/62 MP: 6/6
  3176 | D:4      | Reached skill level 6 in Axes
  3419 | D:4      | Reached skill level 5 in Dodging
  3878 | D:5      | Entered Level 5 of the Dungeon
  3905 | D:5      | Noticed Duvessa
  3905 | D:5      | Noticed Dowan
  4059 | D:5      | Reached skill level 7 in Axes
  4187 | D:5      | Reached XP level 8. HP: 41/71 MP: 7/7
  4498 | D:5      | Reached skill level 8 in Axes
  4630 | D:5      | Killed Duvessa
  4639 | D:5      | Killed Dowan
  4639 | D:5      | Reached skill level 9 in Axes
  4712 | D:5      | Reached ***** piety under Trog
  5203 | D:6      | Found Nifuirph's Gadget Emporium.
  5206 | D:6      | Noticed Edmund
  5230 | D:6      | Killed Edmund
  5230 | D:6      | Reached skill level 10 in Axes
  5560 | D:6      | Found Ruirhatui's Antique Weapon Boutique.
  5675 | D:6      | Found Hihamade's Antique Weapon Emporium.
  5681 | D:6      | Reached XP level 9. HP: 78/78 MP: 8/8
  5684 | D:6      | Found Xeziowy's Gadget Emporium.
  6006 | D:6      | Bought a glowing war axe for 162 gold pieces
  6109 | D:6      | Noticed Eustachio
  6116 | D:6      | Received a gift from Trog
  6117 | D:6      | Got an iridescent broad axe {god gift}
  6118 | D:6      | Identified the +5 broad axe of the Endless Yaks {vorpal,
                  | *Drain rN+ Str+5} (Trog gifted it to you on level 6 of the
                  | Dungeon)
  6118 | D:6      | Cast into level 3 of the Abyss (unwielding a weapon of
                  | distortion)
  6141 | Abyss:3  | Noticed a starcursed mass
  6188 | Abyss:3  | Noticed a large abomination
  6196 | Abyss:3  | Killed a large abomination
  6196 | Abyss:3  | Reached skill level 11 in Axes
  6284 | Abyss:3  | Noticed a starcursed mass
  6424 | Abyss:3  | Noticed a starcursed mass
  6439 | Abyss:3  | Noticed a starcursed mass
  6461 | Abyss:3  | Paralysed by accursed screaming for 1 turns
  6468 | Abyss:3  | Noticed a meliai
  6468 | Abyss:3  | Noticed a green very ugly thing
  6469 | Abyss:3  | Noticed a meliai
  6470 | Abyss:3  | Noticed a meliai
  6470 | Abyss:3  | Noticed a green very ugly thing
  6470 | Abyss:3  | Noticed a wretched star
  6470 | Abyss:3  | Noticed a wretched star
  6470 | Abyss:3  | Noticed a queen bee
  6471 | Abyss:3  | Noticed a meliai
  6471 | Abyss:3  | Killed a meliai
  6472 | Abyss:3  | Noticed a meliai
  6473 | Abyss:3  | Killed a meliai
  6473 | Abyss:3  | HP: 2/121 [wretched star/lance of force (22)]
  6473 | Abyss:3  | Collided with a green very ugly thing

Illustrated notes

Levels and vault maps discovered:
D:1:      dpeg_arrival_long_road, layout_basic
D:2:      layout_rooms, marbit_many_paths, chequers_ecumenical_altar_island
D:3:      layout_rooms, nicolae_overflow_crystal_walls, lemuel_round_altar,
          uniq_ijyb
D:4:      layout_loops_corners, minmay_temple_entry_crystal_x, first_ration,
          enter_ossuary_4
D:5:      layout_layer_cave, uniq_duvessa
D:6:      layout_cave_pods, serial_shops, shop, shop_statue, shop_fountains,
          kennysheep_little_box, shop, minivault_22, uniq_menkaure, uniq_edmund,
          uniq_eustachio
Abyss:3:  base: D:1, base: D:2, evilmike_abyss_rune_tso_outpost,
          guppyfry_abyss_exit_imp_island, nicolae_abyss_rune_left_handed,
          hangedman_abyss_rune_macabre_mess, hangedman_classic_abyss_death,
          hangedman_abyss_rune_flesh_and_stone, hangedman_elemental_corridor,
          grunt_abyss_rune_wretched_hive

Skill      XL: |  1  2  3  4  5  6  7  8  9 |
---------------+----------------------------+-----
Axes           | 4 5 7 10 11 | 11.4
Fighting       | 4 5 6 8 |  8.0
Armour         | 3 4 5 6 7 |  7.6
Dodging        | 3 4 5 6 |  6.9

Action                   |  1- 3 |  4- 6 |  7- 9 || total
-------------------------+-------+-------+-------++-------
Melee: Hand axe          |    67 |   156 |   206 ||   429
       Headbutt          |     9 |    40 |    64 ||   113
       Broad axe         |       |       |    16 ||    16
       War axe           |       |       |    11 ||    11
Throw: Dart              |       |     5 |    14 ||    19
Invok: Berserk           |     1 |     2 |     4 ||     7
Evoke: Wand              |       |       |     7 ||     7
  Use: Scroll            |       |    10 |     3 ||    13
       Potion            |       |       |     2 ||     2
 Stab: Invisible         |       |       |     1 ||     1
  Eat: Chunk             |     2 |     5 |     8 ||    15
       Ration            |       |     1 |     2 ||     3
Armor: Animal skin       |     9 |       |       ||     9
       Scale mail        |    13 |       |       ||    13
       Chain mail        |    13 |    63 |    90 ||   166
       Ring mail         |       |       |    37 ||    37
       Plate armour      |       |       |    12 ||    12
Dodge: Dodged            |    45 |    66 |   150 ||   261
